 Dungeon Crawl Stone Soup version 0.22-a0-458-gb446440 (webtiles) character file.

3316 Galder the Thaumaturge (level 9, -8/45 HPs)
             Began as a Deep Elf Wizard on June 8, 2018.
             Mangled by a warg (10 damage)
             ... on level 9 of the Dungeon.
             The game lasted 01:40:27 (12089 turns).

Galder the Thaumaturge (Deep Elf Wizard)           Turns: 12089, Time: 01:40:28

Health: -8/45      AC: 11    Str:  7    XL:     9   Next: 71%
Magic:  13/24      EV: 15    Int: 24    God:
Gold:   406        SH:  4    Dex: 13    Spells: 18/27 levels left

rFire    . . .     SeeInvis .   w - +2 dagger (elec)
rCold    . . .     Gourm    .   U - +0 buckler
rNeg     . . .     Faith    .   T - +2 leather armour {MR+}
rPois    .         Spirit   .   b - +0 hat
rElec    .         Reflect  .   (no cloak)
rCorr    .         Harm     .   (no gloves)
MR       +....                  D - +0 pair of boots
Stlth    ++++......             q - amulet of regeneration
HPRegen  0.55/turn              B - +5 ring of protection
MPRegen  0.19/turn              A - +2 ring of evasion

@: no status effects
A: no striking features
a: no special abilities


You were on level 9 of the Dungeon.
You were very hungry.

You visited 1 branch of the dungeon, and saw 10 of its levels.
You also visited: Sewer.

You collected 444 gold pieces.
You spent 38 gold pieces at shops.

Inventory:

Hand Weapons
 g - a +0 dagger
 p - a +1 dagger of freezing
 w - a +2 dagger of electrocution (weapon)
 I - a cursed -1 hunting sling
 M - a +0 spear of venom
 N - a cursed -1 halberd
 S - a +0 hand axe of draining
Missiles
 l - 243 stones
 J - 33 sling bullets
 P - 7 javelins of returning (quivered)
Armour
 a - a +0 robe
 b - a +0 hat (worn)
 D - a +0 pair of boots (worn)
 T - a +2 leather armour of magic resistance (worn)
 U - a +0 buckler (worn)
Jewellery
 j - an uncursed ring of stealth
 q - an amulet of regeneration (around neck)
 t - an uncursed amulet of magic regeneration
 A - a +2 ring of evasion (right hand)
 B - a +5 ring of protection (left hand)
 E - an uncursed ring of poison resistance
 K - a +3 amulet of reflection
 R - a +3 ring of protection
Wands
 C - a wand of enslavement (12)
 G - a wand of paralysis (17)
 V - a wand of clouds (7)
Scrolls
 e - 5 scrolls of remove curse
 f - 3 scrolls of fear
 h - 6 scrolls of identify
 r - 2 scrolls of blinking {unknown}
 s - 3 scrolls of random uselessness {unknown}
 u - 5 scrolls of teleportation {unknown}
 v - a scroll of magic mapping {unknown}
 x - 2 scrolls of enchant weapon {unknown}
 y - 2 scrolls of enchant armour {unknown}
 H - a scroll of fog {unknown}
 L - a scroll of noise {unknown}
 O - 2 scrolls of amnesia {unknown}
 Q - a scroll of immolation {unknown}
Potions
 i - 2 potions of curing
 k - 2 potions of haste
 m - 4 potions of might {unknown}
 n - 3 potions of magic
 o - 2 potions of brilliance
 z - a potion of mutation
 F - a potion of flight
Comestibles
 d - 12 rations


   Skills:
 + Level 4.0 Short Blades
 - Level 5.0 Dodging
 - Level 8.2 Stealth
 * Level 1.7 Shields
 + Level 9.7 Spellcasting
 - Level 6.0 Conjurations
   Level 1.1 Summonings
 - Level 4.0 Translocations
 - Level 3.2 Air Magic
 - Level 4.0 Poison Magic


You had 18 spell levels left.
You knew the following spells:

 Your Spells              Type           Power        Failure   Level  Hunger
a - Magic Dart            Conj           ####         1%          1    None
b - Blink                 Tloc           N/A          3%          2    None
c - Mephitic Cloud        Conj/Pois/Air  ####....     5%          3    None
d - Gell's Gravitas       Tloc           ####......   6%          3    None

Your spell library contained the following spells:

 Spells                   Type           Power        Failure   Level  Hunger
 Conjure Flame            Conj/Fire      ####....     10%         3    None
 Slow                     Hex            ##......     16%         2    None
 Confuse                  Hex            ##......     32%         3    None
 Venom Bolt               Conj/Pois      #####.....   36%         5    ####...
 Olgreb's Toxic Radiance  Pois           ####....     21%         4    #......
 Call Imp                 Summ           ###.....     11%         2    None
 Sting                    Conj/Pois      ####         1%          1    None
 Confusing Touch          Hex            ##....       11%         1    None
 Metabolic Englaciation   Hex/Ice        ##........   96%         5    ####...
 Petrify                  Tmut/Erth      ##......     71%         4    #......
 Yara's Violent Unravell  Hex/Tmut       ##........   96%         5    ####...
 Poisonous Vapours        Pois/Air       ####..       3%          2    None


Dungeon Overview and Level Annotations

Branches:
Dungeon (10/15)            Temple (0/1) D:7
   Lair: D:8-11         Orc: D:9-12

Altars:
Elyvilon
Gozag
Hepliaklqana
Okawaru
Vehumet
Wu Jian
Yredelemnul
The Shining One

Shops:
D:6 *

Annotations:
D:5 wazuzu's ghost, novice GnWn


Message History

The warg barely misses you. The warg closely misses you. The warg bites you.
The warg bites you!
* * * LOW HITPOINT WARNING * * *
Casting: Magic Dart (safe; 1% risk of failure)
Confirm with . or Enter, or press ? or * to list all spells.
Aiming: Magic Dart (safe; 1% risk of failure)
Press: ? - help, Shift-Dir - straight line, f/p - warg
Aim: a warg (severely wounded)
The magic dart hits the warg.
The warg is almost dead.
The warg closely misses you. The warg barely misses you.
Casting: Magic Dart (safe; 1% risk of failure)
Confirm with . or Enter, or press ? or * to list all spells.
Aiming: Magic Dart (safe; 1% risk of failure)
Press: ? - help, Shift-Dir - straight line, f/p - warg
Aim: a warg (almost dead)
The magic dart hits the warg.
The warg is almost dead.
The warg bites you but does no damage. The warg bites you!
You die...

#######
#.....#
#.....##
#....@'#
#...hh##
#....o#
###'###
#.[...hoo..
#.......)..
#..!..#O.o.
#.....# ..o
#.....# ..


You could see 2 wargs and an orc warrior.

Vanquished Creatures
  2 yaks
  A hungry ghost (D:7)
  Menkaure (D:7)
  A water moccasin (D:9)
  A hornet zombie (D:8)
  A black bear (D:6)
  3 ice beasts
  2 phantoms
  4 centaurs
  3 ogres
  4 big kobolds (Sewer)
  A bullfrog (D:7)
  Blork the orc (D:6)
  A scorpion (D:7)
  2 crimson imps
  2 howler monkeys (D:7)
  A bullfrog zombie (D:7)
  A hound (D:5)
  2 jellies
  4 orc priests
  2 centaur skeletons
  2 iguanas
  A bullfrog skeleton (D:5)
  2 orc wizards
  3 worker ants
  A killer bee zombie (D:7)
  2 hound skeletons
  5 gnolls
  12 adders
  7 river rats
  2 shadow imps
  3 oozes
  2 adder skeletons (D:7)
  4 worms
  8 leopard geckos
  21 orcs
  6 ball pythons
  4 bats
  10 giant cockroaches
  6 goblins
  12 hobgoblins
  7 jackals
  11 kobolds
  2 quokkas (D:2)
  3 frilled lizards
  A giant cockroach zombie (D:5)
  2 leopard gecko skeletons
  15 rats
194 creatures vanquished.

Vanquished Creatures (others)
  A quokka (D:4)
1 creature vanquished.

Grand Total: 195 creatures vanquished

Notes
Turn   | Place    | Note
-------+----------+-------------------------------------------
     0 | D:1      | Galder the Deep Elf Wizard began the quest for the Orb.
     0 | D:1      | Reached XP level 1. HP: 10/10 MP: 7/7
   247 | D:1      | Reached XP level 2. HP: 15/15 MP: 0/9
   632 | D:1      | Reached skill level 5 in Spellcasting
   793 | D:1      | Reached XP level 3. HP: 19/19 MP: 7/11
  1798 | D:2      | Reached XP level 4. HP: 24/24 MP: 10/13
  2189 | D:2      | Learned a level 2 spell: Blink
  2193 | D:2      | Learned a level 3 spell: Mephitic Cloud
  3057 | D:3      | Reached XP level 5. HP: 28/28 MP: 11/15
  3223 | D:3      | Noticed an ogre
  3229 | D:3      | Killed an ogre
  3420 | D:4      | Reached skill level 6 in Spellcasting
  3480 | D:4      | Reached XP level 6. HP: 32/32 MP: 12/17
  3487 | D:5      | Entered Level 5 of the Dungeon
  3798 | D:4      | Found an opulent altar of Gozag.
  3856 | D:4      | Found an iron altar of Okawaru.
  4041 | D:4      | Found a radiant altar of Vehumet.
  4315 | D:5      | Noticed wazuzu's ghost (novice GnWn)
  4420 | D:5      | Found an iron altar of Okawaru.
  4452 | D:5      | Found a glowing golden altar of the Shining One.
  4651 | D:5      | Found a basalt altar of Yredelemnul.
  4671 | D:5      | Reached skill level 5 in Stealth
  4889 | D:6      | Noticed Menkaure
  4929 | D:6      | Found a glowing drain.
  4965 | Sewer    | Entered a sewer
  5218 | Sewer    | Reached skill level 1 in Poison Magic
  5283 | Sewer    | Reached skill level 5 in Dodging
  5283 | Sewer    | Reached XP level 7. HP: 36/36 MP: 7/19
  5590 | Sewer    | Reached skill level 7 in Spellcasting
  6182 | D:5      | Found a white marble altar of Elyvilon.
  7080 | D:7      | Reached XP level 8. HP: 9/41 MP: 14/21
  7403 | D:6      | Noticed Blork the orc
  7431 | D:6      | Killed Blork the orc
  7431 | D:6      | Reached skill level 5 in Conjurations
  7531 | D:6      | Found an ornate altar of the Wu Jian Council.
  7673 | D:6      | Found a white marble altar of Elyvilon.
  7708 | D:6      | Found Naj Uciun's General Store.
  7716 | D:6      | Bought a scroll of fear for 38 gold pieces
  9261 | D:7      | Reached skill level 8 in Spellcasting
  9493 | D:6      | Reached skill level 1 in Short Blades
 10011 | D:7      | Reached skill level 1 in Air Magic
 10060 | D:7      | Found a staircase to the Ecumenical Temple.
 10197 | D:8      | Found a hazy altar of Hepliaklqana.
 10267 | D:8      | Reached XP level 9. HP: 27/45 MP: 17/23
 10415 | D:7      | Killed Menkaure
 10811 | D:8      | Reached skill level 9 in Spellcasting
 11261 | D:8      | HP: 2/45 [yak (9)]
 11286 | D:9      | Reached skill level 1 in Shields
 11614 | D:9      | Noticed a troll
 11628 | D:10     | Entered Level 10 of the Dungeon
 11642 | D:10     | Learned a level 3 spell: Gell's Gravitas
 11791 | D:9      | Noticed a centaur warrior
 12087 | D:9      | HP: 1/45 [warg (13)]
 12089 | D:9      | Mangled by a warg

Vault maps used:
D:1:      sevenhm_arrival_forest_fort_small_3
D:2:      tgw_xom
D:3:      minmay_close_crescents
D:4:      kennysheep_little_box, fiery_altar_vehumet, lemuel_doored_altar
D:5:      yredelemnul_altar_generic, elyvilon_altar_4,
          nicolae_overflow_crystal_walls, first_ration,
          kennysheep_okawaru_gauntlet
D:6:      marbit_many_paths, basic_altar, serial_shops, nicolae_shop_crystal,
          portal_sewer_entry_e, uniq_blork_the_orc, uniq_menkaure
D:7:      hangedman_cross_stitches, minmay_temple_entry_butterflies,
          hangedman_abyss_or_decor_slice
D:8:      eat_drink_and_be_merry_uskayaw, old_standard_altar, zin_scriptorium
D:9:      nicolae_ru_sacrificial_ziggurat, nicolae_ashenzari_panopticon,
          erik_lair_orcish_takeover, minmay_orc_entry_guard_dogs,
          hangedman_pestilent_swarm, minmay_misc_feat_roman, minivault_14,
          st_stairs_11, roderic_roman_lattice, minmay_misc_feat_room
D:10:     serial_column_ruins, column_ruins_open_small,
          column_ruins_columns_corner, column_ruins_open_small,
          column_ruins_open_medium, column_ruins_grid_3,
          column_ruins_open_medium, jmf_multi_god_temple
Sewer:    sewer_co_15_rooms

Skill      XL: |  1  2  3  4  5  6  7  8  9 |
---------------+----------------------------+-----
Dodging        | 3 4 5 |  5.0
Spellcasting   | 5 6 7 8 9 |  9.7
Stealth        | 3 4 5 6 7 8 |  8.2
Conjurations   | 2 3 4 6 |  6.0
Poison Magic   | 1 3 4 |  4.0
Short Blades   | 2 4 |  4.0
Air Magic      | 1 3 |  3.2
Translocations | 4 |  4.0
Shields        | 1 |  1.7
Summonings     | |  1.1

Action                   |  1- 3 |  4- 6 |  7- 9 || total
-------------------------+-------+-------+-------++-------
Melee: Dagger            |     4 |    15 |    34 ||    53
 Cast: Magic Dart        |   110 |   232 |   509 ||   851
       Blink             |       |       |    10 ||    10
       Mephitic Cloud    |       |       |     4 ||     4
       Gell's Gravitas   |       |       |     1 ||     1
  Use: Scroll            |       |       |     6 ||     6
       Potion            |       |       |     6 ||     6
  Eat: Chunk             |     2 |    11 |    15 ||    28
       Ration            |       |       |     2 ||     2
Armor: Robe              |     1 |    12 |    46 ||    59
       Leather armour    |       |       |    63 ||    63
Dodge: Dodged            |     9 |    57 |   262 ||   328
Block: Other             |       |       |     1 ||     1
       Reflection        |       |       |     1 ||     1
       Buckler           |       |       |    40 ||    40

Table legend:
 A = Spawn XP
 B = Non-spawn XP
 C = Spawn XP percentage of total XP
 D = Spawn monster count
 E = Non-spawn monster count
 F = Spawn count percentage of total count
 G = Total turns spent on level
                    A         B        C        D         E        F      G
               +---------+---------+-------+---------+---------+-------+---------
         Total |       0 |    4738 |   0.0 |       0 |     194 |   0.0 | 12089
               +---------+---------+-------+---------+---------+-------+---------
           D:1 |       0 |      47 |   0.0 |       0 |      23 |   0.0 |  1068
           D:2 |       0 |      77 |   0.0 |       0 |      25 |   0.0 |  1443
           D:3 |       0 |     194 |   0.0 |       0 |      27 |   0.0 |  1061
           D:4 |       0 |     125 |   0.0 |       0 |      10 |   0.0 |  1623
           D:5 |       0 |     220 |   0.0 |       0 |      16 |   0.0 |  1571
           D:6 |       0 |     509 |   0.0 |       0 |      18 |   0.0 |  1857
           D:7 |       0 |    1567 |   0.0 |       0 |      31 |   0.0 |  1335
           D:8 |       0 |     823 |   0.0 |       0 |      14 |   0.0 |   610
           D:9 |       0 |     531 |   0.0 |       0 |       7 |   0.0 |   345
          D:10 |       0 |     158 |   0.0 |       0 |       2 |   0.0 |   320
         Sewer |       0 |     487 |   0.0 |       0 |      21 |   0.0 |   856
               +---------+---------+-------+---------+---------+-------+---------
